 Dungeon Sprint DCSS version 0.29-a0-96-g93358da72b (webtiles) character file.

Game seed: 1139334779197305013

14 mhtbhm the Cudgeller (level 2, -3/46 HPs)
             Began as a Troll Berserker on Feb 13, 2022.
             Was a Believer of Trog.
             Slain by a gnoll sergeant (7 damage)
             ... in the Dungeon (Sprint IX: "|||||||||||||||||||||||||||||").
             The game lasted 00:00:09 (33 turns).

mhtbhm the Cudgeller (Troll Berserker)                Turns: 33, Time: 00:00:09

Health: -3/46      AC:  4    Str: 24    XL:     2   Next: 27%
Magic:  1/1        EV: 10    Int:  3    God:    Trog [**....]
Gold:   0          SH:  0    Dex:  9    Spells: 1/1 levels left

rFire   . . .      SeeInvis .   a - +0 mace
rCold   . . .      Faith    .   (no shield)
rNeg    . . .      Spirit   .   b - +0 animal skin
rPois   .          Reflect  .   (helmet restricted)
rElec   .          Harm     .   (no cloak)
rCorr   .          Rampage  .   (gloves unavailable)
Will    .....      NoTele   +   (boots unavailable)
Stlth   ..........              (no amulet)
HPRegen 0.95/turn               (no ring)
MPRegen 0.07/turn               (no ring)

@: berserking, very quick
A: large, unfitting armour, claws 3, regeneration 1, shaggy fur 1, tough skin 1
a: Renounce Religion, Berserk, Trog's Hand


You were in the Dungeon.
You worshipped Trog.
Trog was pleased with you.
You visited 1 branch

Inventory:

Hand Weapons
 a - a +0 mace (weapon)
Armour
 b - a +0 animal skin (worn)
Scrolls
 h - a scroll of blinking
Potions
 c - a potion of curing
 d - a potion of heal wounds
 e - a potion of haste
 f - 2 potions of magic
 g - a potion of berserk rage


   Skills:
 + Level 3.3 Fighting
 + Level 3.7 Maces & Flails
 + Level 3.2 Dodging


You had one spell level left.
You didn't know any spells.
Your spell library was empty.

Dungeon Overview and Level Annotations

Branches:
Dungeon (1/1)

Altars:


Innate Abilities, Weirdness & Mutations

You are too large for most types of armour.
You have claws for hands.
Your natural rate of healing is unusually fast.
You are covered in fur. (AC +1)
You have tough skin. (AC +1)


Message History

A red film seems to cover your vision as you go berserk!
You feel yourself moving faster!
You feel mighty!
The hound barks!
The iguana hisses angrily.
The shadow imp hits you.
The gnoll sergeant hits you from afar with a +0 spear!
You hit the shadow imp.
The shadow imp is heavily wounded.
The shadow imp hits you.
The gnoll sergeant hits you from afar with a +0 spear!
* * * LOW HITPOINT WARNING * * *
You are too injured to fight recklessly!
You are too injured to fight recklessly!
You are too injured to fight recklessly!
You are too injured to fight recklessly!
You are too injured to fight recklessly!
You are too injured to fight recklessly!
You are too injured to fight recklessly!
You are too injured to fight recklessly!
You are too injured to fight recklessly!
You are too injured to fight recklessly!
You are too injured to fight recklessly!
You hit the shadow imp.
The shadow imp is almost dead.
The shadow imp hits you.
* * * LOW HITPOINT WARNING * * *
The gnoll sergeant closely misses you.
You hit the shadow imp.
You kill the shadow imp!
Trog accepts your kill.
The gnoll sergeant hits you from afar with a +0 spear.
* * * LOW HITPOINT WARNING * * *
Your Fighting skill increases to level 3!
Your Dodging skill increases to level 3!
You have reached level 2!
Unknown command.
There is an open door here.
You sock the gnoll sergeant!
The gnoll sergeant is moderately wounded.
The gnoll sergeant hits you with a +0 spear!
You die... ▓▓▓▓▓▓▓▓▓▓▓▓▓▓▓▓▓▓ ▓<...)†....@ghJl.+ ▓▓▓▓▓▓▓▓▓▓▓▓▓▓▓▓▓▓

You could see a gnoll sergeant, an iguana, a hound and a jelly.

Vanquished Creatures
  A shadow imp (D)
  A ball python (D)
  A bat (D)
  A quokka (D)
  A frilled lizard (D)
  A kobold (D)
6 creatures vanquished.

Notes
Turn   | Place    | Note
-------+----------+-------------------------------------------
     0 | D        | mhtbhm the Troll Berserker began the quest for the Orb.
     0 | D        | Reached XP level 1. HP: 22/22 MP: 0/0
    15 | D        | Reached ** piety under Trog
    27 | D        | Noticed a gnoll sergeant
    27 | D        | Noticed a hound
    27 | D        | Noticed a jelly
    27 | D        | Noticed an iguana
    32 | D        | Reached XP level 2. HP: 3/31 MP: 1/1
    33 | D        | Slain by a gnoll sergeant

Illustrated notes

Levels and vault maps discovered:
D:        linesprint [early_d, line_temple, items_1, d_10, items_2, lair_1,
          lair_end, items_3, orc_1, orc_end, items_4, d_15, swamp_1, shoals_1,
          snake_1, spider_1, d_20, vaults_1, items_5, swamp_end, shoals_end,
          snake_end, spider_end, vaults_end, d_27, items_6, zot_1, zot_end,
          crypt_end, forest_end, elf_end, slime_end, tomb_end, abyss_end,
          pan_hell_end]

Skill      XL: |  1 |
---------------+----+-----
Maces & Flails | 3 |  3.7
Fighting       | 3 |  3.3
Dodging        | 3 |  3.2

Action                   || total
-------------------------++-------
Melee: Mace              ||    21
Invok: Berserk           ||     1
Armor: Animal skin       ||     5
Dodge: Dodged            ||    16

Table legend: (Time is in decaauts)
 A = Elapsed time spent in this place.
 B = Non-inter-level travel time spent in this place.
 C = Inter-level travel time spent in this place.
 D = Time resting spent in this place.
 E = Time spent auto-exploring this place.
 F = Levels seen in this place.
 G = Mean time per level.
                   A        B        C        D        E       F      G
               +--------+--------+--------+--------+--------+-----+--------+
         Total |     36 |     36 |      0 |      0 |      3 |   1 |   36.0 |
       Dungeon |     36 |     36 |      0 |      0 |      3 |   1 |   36.0 |
               +--------+--------+--------+--------+--------+-----+--------+

Top non-repeatable levels by time:
       D: 36 daAuts
